 Dungeon Crawl Stone Soup version 0.23.2-1-ga50397a6bc (webtiles) character file.

Game seed: 15593341316535513992

8582 Jannitor the Protected (level 11, 0/100 HPs)
             Began as a Deep Dwarf Fighter on Apr 22, 2019.
             Was a Priest of Makhleb.
             Slain by a two-headed ogre
             ... wielding a +0 giant club
              (18 damage)
             ... on level 11 of the Dungeon on May 1, 2019.
             The game lasted 00:08:17 (5131 turns).

Jannitor the Protected (Deep Dwarf Fighter)         Turns: 5131, Time: 00:08:17

Health: 0/100      AC: 13    Str: 22    XL:     11   Next: 11%
Magic:  1/1        EV: 14    Int: 13    God:    Makhleb [***...]
Gold:   357        SH: 11    Dex: 12    Spells: 10/10 levels left

rFire    . . .     SeeInvis .   a - +0 war axe
rCold    . . .     Gourm    .   c - +0 shield
rNeg     . . .     Faith    .   j - +0 chain mail
rPois    .         Spirit   .   F - +1 helmet
rElec    .         Reflect  .   (no cloak)
rCorr    .         Harm     +   (no gloves)
MR       +....                  (no boots)
Stlth    ..........             w - amulet of harm
HPRegen  0.00/turn              k - +5 ring of evasion
MPRegen  0.07/turn              m - +3 ring of intelligence

@: non-regenerating
A: damage resistance, heal wounds, sense surroundings 2, no regeneration
a: Heal Wounds, Minor Destruction, Lesser Servant of Makhleb, Renounce Religion


You were on level 11 of the Dungeon.
You worshipped Makhleb.
Makhleb was most pleased with you.
You were not hungry.

You visited 2 branches of the dungeon, and saw 12 of its levels.
You also visited: Ossuary.

You collected 357 gold pieces.

Inventory:

Hand Weapons
 a - a +0 war axe (weapon)
Armour
 b - a +0 scale mail
 c - a +0 shield (worn)
 j - a +0 chain mail (worn)
 F - a +1 helmet (worn)
Jewellery
 h - an uncursed ring of poison resistance {unknown}
 k - a +5 ring of evasion (left hand)
 m - a +3 ring of intelligence (right hand)
 v - an uncursed ring of wizardry {unknown}
 w - an amulet of harm (around neck)
 A - a +3 ring of dexterity
Wands
 r - a wand of clouds (4)
 s - a wand of acid (3)
 x - a wand of flame (18)
 C - a wand of enslavement (7)
Scrolls
 e - 9 scrolls of identify
 g - 2 scrolls of vulnerability
 l - 10 scrolls of remove curse
 o - 4 scrolls of teleportation
 q - 2 scrolls of amnesia
 y - 2 scrolls of enchant weapon {unknown}
Potions
 d - a potion of might
 i - a potion of heal wounds {unknown}
 n - 5 potions of curing {unknown}
 p - 2 potions of haste
 t - a potion of brilliance {unknown}
 u - a potion of berserk rage {unknown}
 z - a potion of cancellation {unknown}
 B - a potion of degeneration {unknown}
 D - a potion of invisibility {unknown}
 E - a potion of agility {unknown}
Comestibles
 f - 13 rations
 G - a chunk of flesh


   Skills:
 + Level 7.5 Fighting
 + Level 8.6 Axes
 + Level 9.0 Armour
 + Level 5.9 Dodging
 + Level 8.9 Shields
 + Level 8.3 Invocations


You had 10 spell levels left.
You didn't know any spells.
Your spell library was empty.

Dungeon Overview and Level Annotations

Branches:
Dungeon (11/15)            Temple (1/1) D:4            Lair (0/6) D:9
    Orc (0/2) D:9

Altars:
Cheibriados
Dithmenos
Elyvilon
Fedhas
Gozag
Makhleb
Nemelex Xobeh
Okawaru
Qazlal
Ru
Sif Muna
Trog
Uskayaw
Vehumet
Wu Jian
Xom
Yredelemnul
Zin

Shops:
D:10 %

Annotations:
D:9 3 runed translucent doors, martbhell's ghost, novice MiBe


Innate Abilities, Weirdness & Mutations

You are resistant to damage.
You can heal yourself by infusing magical energy.
You passively map the area around you.
You do not regenerate.


Message History

A two-headed ogre is nearby!
You are too injured to fight recklessly!
You are too injured to fight recklessly!
You are too injured to fight recklessly!
You are too injured to fight recklessly!
An ice beast comes into view.
The two-headed ogre misses you. You block the two-headed ogre's attack.
You hit the two-headed ogre but do no damage.
The two-headed ogre closely misses you.
The two-headed ogre hits you with a +0 giant club!
* * * LOW HITPOINT WARNING * * *
You slash the two-headed ogre!
The two-headed ogre is lightly wounded.
The two-headed ogre barely misses you.
The two-headed ogre hits you but does no damage.
You hit the two-headed ogre but do no damage.
The two-headed ogre is lightly wounded.
You barely miss the ice beast.
The two-headed ogre hits you with a +0 giant club!!
You die...

* #.*
#..####..# ,
*# #..# *
##.# * ** *
# * #..#
##., #..# *
,,.... #..#
* *, * , ,,
.... *##..##
,* *
#..##....#..
, ,
#Y@......# ,
*
#.O.......#*
,
#.###......#
, , ..
###.....** *
#.# *#...# *
, .. .... *,
** , .## ##
,## *,, *
,,, * , ,*


You could see a two-headed ogre and an ice beast.

Vanquished Creatures
  An unseen horror (D:10)
  A manticore (D:11)
  A gargoyle (D:11)
  2 hippogriffs
  6 humans
  Sigmund (D:6)
  2 hogs (D:7)
  4 wraiths
  7 yaks (D:7)
  2 hungry ghosts (D:9)
  2 orc warriors
  3 ice beasts
  2 phantoms
  2 black bears
  2 ogres
  A centaur (D:10)
  A wolf (D:9)
  7 bullfrogs
  A big kobold (D:7)
  Blork the orc (D:6)
  A hornet simulacrum (D:9)
  A scorpion (D:10)
  5 killer bees
  3 wights (Ossuary)
  2 howler monkeys (D:10)
  An electric eel (D:9)
  A bullfrog zombie (D:10)
  7 crimson imps
  7 hounds
  2 jellies
  2 orc priests (D:7)
  2 bullfrog skeletons
  3 centaur skeletons
  5 iguanas
  3 orc wizards
  3 worker ants
  A killer bee zombie (D:7)
  5 ogre zombies (D:9)
  A hound zombie (D:6)
  A hound skeleton (D:6)
  A worker ant zombie (D:8)
  4 gnolls (D:4)
  A howler monkey skeleton (D:7)
  9 adders
  A shadow imp (D:5)
  An ufetubus (D:9)
  5 adder zombies
  An adder skeleton (D:5)
  A worm (D:2)
  2 dart slugs
  7 leopard geckos
  12 orcs
  3 giant cockroaches
  3 goblins
  2 hobgoblins
  6 jackals (D:1)
  3 quokkas
  A ball python (D:2)
  A ball python skeleton (Ossuary)
  2 bats
  2 frilled lizards
  A goblin skeleton (D:9)
  2 goblin zombies (D:9)
  2 hobgoblin skeletons
  4 hobgoblin zombies
  5 kobolds
  A kobold zombie (Ossuary)
  A leopard gecko skeleton (D:5)
  An orc skeleton (D:9)
  16 orc zombies
  3 rats (D:2)
209 creatures vanquished.

Notes
Turn   | Place    | Note
-------+----------+-------------------------------------------
     0 | D:1      | Jannitor the Deep Dwarf Fighter began the quest for the
                  | Orb.
     0 | D:1      | Reached XP level 1. HP: 20/20 MP: 1/1
    82 | D:1      | Reached XP level 2. HP: 21/27 MP: 2/2
   248 | D:2      | Reached XP level 3. HP: 30/34 MP: 2/2
   662 | D:3      | Reached XP level 4. HP: 35/42 MP: 3/3
   732 | D:4      | Reached skill level 4 in Armour
   768 | D:4      | Found a sand-covered staircase.
   794 | Ossuary  | Entered an ossuary
   878 | Ossuary  | Reached XP level 5. HP: 49/49 MP: 3/3
   903 | Ossuary  | Noticed a flying skull
   903 | Ossuary  | Noticed a wraith
   910 | Ossuary  | Noticed a flying skull
   912 | Ossuary  | Noticed a flying skull
   937 | Ossuary  | Noticed a flying skull
   972 | Ossuary  | Noticed a wraith
   981 | Ossuary  | Killed a wraith
   981 | Ossuary  | Reached XP level 6. HP: 41/57 MP: 3/3
   993 | Ossuary  | Noticed a wraith
  1011 | Ossuary  | Killed a wraith
  1011 | Ossuary  | Reached skill level 5 in Armour
  1011 | Ossuary  | Reached skill level 5 in Shields
  1017 | Ossuary  | Noticed a flying skull
  1103 | D:4      | Reached XP level 7. HP: 34/64 MP: 3/3
  1416 | D:4      | Found a staircase to the Ecumenical Temple.
  1430 | Temple   | Entered the Ecumenical Temple
  1477 | Temple   | Became a worshipper of Makhleb the Destroyer
  1747 | D:5      | Entered Level 5 of the Dungeon
  1770 | D:5      | Reached skill level 5 in Axes
  1889 | D:5      | Reached skill level 1 in Invocations
  2334 | D:6      | Reached XP level 8. HP: 48/73 MP: 2/2
  2391 | D:6      | Noticed Blork the orc
  2413 | D:6      | Killed Blork the orc
  2413 | D:6      | Reached skill level 5 in Fighting
  2413 | D:6      | Reached skill level 6 in Armour
  2444 | D:6      | Reached * piety under Makhleb
  2461 | D:6      | Noticed Sigmund
  2467 | D:6      | Killed Sigmund
  2837 | D:6      | Reached skill level 1 in Dodging
  2870 | D:6      | Gained mutation: You passively map the area around you.
                  | [Deep Dwarf growth]
  2870 | D:6      | Reached XP level 9. HP: 66/82 MP: 3/3
  2908 | D:6      | Reached skill level 7 in Armour
  3062 | D:7      | Reached skill level 5 in Invocations
  3276 | D:7      | Found a snail-covered altar of Cheibriados.
  3276 | D:7      | Found a radiant altar of Vehumet.
  3276 | D:7      | Found a stormy altar of Qazlal.
  3278 | D:7      | Found an iron altar of Okawaru.
  3279 | D:7      | Found an opulent altar of Gozag.
  3281 | D:7      | Found a blossoming altar of Fedhas.
  3347 | D:7      | Found a sparkling altar of Nemelex Xobeh.
  3490 | D:7      | Reached ** piety under Makhleb
  3596 | D:7      | Reached XP level 10. HP: 49/92 MP: 3/3
  3611 | D:7      | Reached skill level 8 in Armour
  3652 | D:7      | Found an iron altar of Okawaru.
  3981 | D:8      | Found a basalt altar of Yredelemnul.
  4123 | D:9      | Reached *** piety under Makhleb
  4151 | D:9      | HP: 4/92 [electric eel/bolt of electricity (12)]
  4158 | D:9      | Reached skill level 5 in Dodging
  4181 | D:9      | Found a staircase to the Orcish Mines.
  4203 | D:9      | Found a runed translucent gate.
  4203 | D:9      | Found a runed translucent gate.
  4203 | D:9      | Found a runed translucent gate.
  4228 | D:9      | Noticed martbhell's ghost (novice MiBe)
  4243 | D:10     | Entered Level 10 of the Dungeon
  4313 | D:10     | Found Qopiol Luda's Food Boutique.
  4629 | D:10     | Killed an unseen horror
  4933 | D:11     | Reached XP level 11. HP: 55/100 MP: 3/3
  5091 | D:11     | Reached skill level 9 in Armour
  5125 | D:11     | Noticed a two-headed ogre
  5131 | D:11     | Slain by a two-headed ogre

Skill      XL: |  1  2  3  4  5  6  7  8  9 10 11 |
---------------+----------------------------------+-----
Fighting       | 3 4 5 6 7 |  7.5
Axes           | 3 4 5 6 7 8 |  8.6
Armour         | 4 5 6 7 8 9 |  9.0
Shields        | 4 5 6 7 8 |  8.9
Invocations    | 2 4 6 8 |  8.3
Dodging        | 2 4 5 |  5.9

Action                   |  1- 3 |  4- 6 |  7- 9 | 10-12 || total
-------------------------+-------+-------+-------+-------++-------
Melee: War axe           |   143 |    99 |   446 |   347 ||  1035
 Abil: Heal Wounds       |     2 |     4 |    12 |    13 ||    31
  Use: Scroll            |       |       |       |    10 ||    10
  Eat: Chunk             |       |       |    11 |    10 ||    21
       Ration            |       |       |       |     2 ||     2
Armor: Scale mail        |    24 |       |       |       ||    24
       Chain mail        |    66 |    21 |   158 |   258 ||   503
Dodge: Dodged            |    42 |    42 |   190 |   334 ||   608
Block: Shield            |    83 |    43 |   255 |   333 ||   714
